 Dungeon Crawl Stone Soup version 0.17-a0-1132-g5dd4065 (webtiles) character file.

107 Bubblegod the Shooter (level 4, -3/29 HPs)
             Began as a High Elf Hunter on May 25, 2015.
             Killed from afar by an orc wizard (4 damage)
             ... with a magic dart
             ... on level 3 of the Dungeon.
             The game lasted 00:06:38 (1535 turns).

Bubblegod the Shooter (High Elf Hunter)             Turns: 1535, Time: 00:06:38

Health: -3/29      AC:  5    Str: 11    XL:     4   Next: 56%
Magic:  5/5        EV: 12    Int: 14    God:
Gold:   100        SH:  0    Dex: 17    Spells: 0 memorised, 3 levels left

rFire  . . .     SeeInvis .     b - +1 shortbow
rCold  . . .     Clarity  .     d - +0 leather armour
rNeg   . . .     SustAt   .     (no shield)
rPois  .         Gourm    +     i - +0 helmet
rElec  .         Spirit   .     (no cloak)
rCorr  .         Warding  .     (no gloves)
rMut   .         Stasis   .     j - +0 pair of boots
MR     .....                    g - amulet of the gourmand
Stlth  ++........               (no ring)
                                (no ring)

@: not resistant to hostile enchantments, unstealthy
A: no striking features
a: no special abilities


You were on level 3 of the Dungeon.
You were not hungry.

You visited 1 branch of the dungeon, and saw 3 of its levels.

You collected 100 gold pieces.

Inventory:

Hand weapons
 a - a +0 short sword
 b - a +1 shortbow (weapon)
Armour
 d - a +0 leather armour (worn)
 i - a +0 helmet (worn)
 j - a +0 pair of boots (worn)
 p - a cursed +0 scale mail
Jewellery
 g - an amulet of the gourmand (around neck)
Scrolls
 n - a scroll of noise {unknown}
Potions
 f - 2 potions of brilliance
 k - a potion of cancellation {unknown}
 m - 2 potions of might {unknown}
Comestibles
 e - 3 bread rations
 h - 3 meat rations


   Skills:
 - Level 2.0 Fighting
 - Level 7.7 Bows
 - Level 2.2 Dodging
 + Level 1.6 Stealth


You had 3 spell levels left.
You didn't know any spells.

Dungeon Overview and Level Annotations

Branches:
Dungeon (3/15)

Altars:


Message History

Press: ? - help, Shift-Dir - straight line, f/p - orc wizard
Aim: an orc wizard, wielding a dagger and wearing a robe You shoot an arrow.
The arrow hits the orc wizard but does no damage.
The orc hits you with an enchanted flail.
* * * LOW HITPOINT WARNING * * *
The orc closely misses you. The orc hits you with a falchion.
* * * LOW HITPOINT WARNING * * *
The orc wizard hits you with a dagger.
* * * LOW HITPOINT WARNING * * *
An orc wizard comes into view. It is wielding a dagger.
Read which item? (? for menu, Esc to quit)
As you read the scroll labeled KUFIOM UCKOUN, it crumbles to dust.
It is a scroll of identify.
Identify which item? (\ to view known items) (? for menu, Esc to quit)
f - 2 potions of brilliance The orc closely misses you.
The orc barely misses you.
The orc wizard gestures at you while chanting.
The magic dart hits you!
You die...

.....# # ....
.....######.#####...
.....รท...>....>....
.....##......# #..
.....##.####...#.#
.....##...######g#
.)<####..........#
####
#.....)...o###o#
#..(....(o@o...#
#.........o#####
#.#+######## #.# #.
#.


You could see 2 orc wizards, 3 orcs and a goblin.

Vanquished Creatures
  Jessica (D:2)
  2 adders
  2 oozes (D:1)
  A worm (D:2)
  4 orcs (D:3)
  2 giant cockroaches (D:1)
  8 goblins
  7 hobgoblins
  6 jackals
  6 kobolds
  A quokka (D:2)
  4 bats
  2 giant geckos (D:1)
  A giant newt (D:1)
  2 rats
49 creatures vanquished.

Notes
Turn   | Place    | Note
--------------------------------------------------------------
     0 | D:1      | Bubblegod the High Elf Hunter began the quest for the Orb.
     0 | D:1      | Reached XP level 1. HP: 14/14 MP: 2/2
   168 | D:1      | Reached XP level 2. HP: 19/19 MP: 3/3
   228 | D:1      | Reached skill level 6 in Bows
   442 | D:1      | Reached XP level 3. HP: 24/24 MP: 4/4
   760 | D:2      | Reached skill level 7 in Bows
   848 | D:2      | Noticed Jessica
   890 | D:2      | Killed Jessica
   890 | D:2      | Reached XP level 4. HP: 19/29 MP: 5/5
  1534 | D:3      | HP: 1/29 [orc wizard/dagger (2)]
  1535 | D:3      | Killed from afar by an orc wizard

Vault maps used:
D:1:      dpeg_arrival_stone_temple_mockup
D:2:      first_bread, uniq_jessica
D:3:      old_standard_altar

Action                   |  1- 3 |  4- 6 || total
-------------------------+-------+-------++-------
Melee: Short sword       |     2 |    20 ||    22
 Fire: Shortbow          |    85 |    16 ||   101
  Use: Scroll            |     2 |     1 ||     3
 Stab: Sleeping          |       |     1 ||     1
  Eat: Chunk             |       |    11 ||    11
